 Dungeon Crawl Stone Soup version 0.30-a0-622-gddc90eaa04 (webtiles) character file.

Game seed: 15127863786353524262

29 Leeroy the Slasher (level 3, -13/27 HPs)
             Began as a Merfolk Gladiator on Jan 10, 2023.
             Mangled by a goblin
             ... wielding a +2 dagger of electrocution
              (16 damage)
             ... on level 2 of the Dungeon.
             The game lasted 00:01:08 (822 turns).

Leeroy the Slasher (Merfolk Gladiator)               Turns: 822, Time: 00:01:09

Health: -13/27     AC:  5    Str: 14    XL:     3   Next: 16%
Magic:  3/3        EV: 13    Int:  7    God:
Gold:   52         SH:  0    Dex: 17    Spells: 2/2 levels left

rFire   . . .      SeeInvis .    a - +0 long sword
rCold   . . .      Faith    .    (no shield)
rNeg    . . .      Spirit   .    b - +0 leather armour
rPois   .          Reflect  .    c - +0 helmet
rElec   .          Harm     .    f - +0 cloak
rCorr   .          Rampage  .    (no gloves)
Will    .....                    (no boots)
Stlth   +                        (no amulet)
HPRegen 0.24/turn                (no ring)
MPRegen 0.08/turn                (no ring)

@: mighty
A: (nimble swimmer 2), mertail
a: no special abilities


You were on level 2 of the Dungeon.
You visited 1 branch of the dungeon, and saw 2 of its levels.

You collected 52 gold pieces.

Inventory:

Hand Weapons
 a - a +0 long sword (weapon)
Missiles
 d - 3 throwing nets (quivered)
 e - a javelin
Armour
 b - a +0 leather armour (worn)
 c - a +0 helmet (worn)
 f - a +0 cloak (worn)
Scrolls
 g - a scroll of noise {unknown}
 h - a scroll of poison {unknown}
 i - a scroll of enchant armour {unknown}
 j - a scroll of butterflies {unknown}
Potions
 k - a potion of might


   Skills:
 - Level 2.1 Fighting
 * Level 5.1 Long Blades
 - Level 2.0 Throwing
 - Level 4.0 Dodging


You had 2 spell levels left.
You didn't know any spells.
Your spell library was empty.

Dungeon Overview and Level Annotations

Branches:
Dungeon (2/15)

Altars:

Shops:
D:1 (   D:2 *


Innate Abilities, Weirdness & Mutations

((You are very nimble when in or above water. (Stealth+, EV+, Speed+++)))
Your lower body shifts to a powerful aquatic tail in water.


Message History

You are frozen.
An endoplasm is nearby!
You slash the endoplasm!
You kill the endoplasm!
HP restored.
Found Molapt's General Store.
Found an escape hatch in the floor.
A goblin comes into view.
It is wielding a +2 dagger of electrocution.
The goblin shouts!
You hear an angry hiss.
A goblin is nearby!
An adder comes into view.
You miss the adder. The adder bites you but does no damage.
You closely miss the adder. The adder closely misses you.
The adder barely misses you.
You hit the adder.
The adder is lightly wounded.
The goblin barely misses you. The adder closely misses you.
You closely miss the adder.
The adder is lightly wounded.
The adder closely misses you. The goblin hits you but does no damage.
You hit the adder.
The adder is moderately wounded.
The adder closely misses you.
The goblin hits you with a +2 dagger of electrocution.
You are electrocuted!!
Ouch! That really hurt!
* * * LOW HITPOINT WARNING * * *
The adder closely misses you.
You are too injured to fight recklessly!
You are too injured to fight recklessly!
You are too injured to fight recklessly!
You are too injured to fight recklessly!
You are too injured to fight recklessly!
It was a potion of might.
You feel very mighty all of a sudden.
The goblin hits you with a +2 dagger of electrocution.
* * * LOW HITPOINT WARNING * * *
You are electrocuted!
Ouch! That really hurt!
You die...

#.# ..# #.# #.#
##.## #.# ##
#...### #.# #.
.....# #<# ###..
...#.# #.#
#....###.##.####.#
#...∩...>##......#
#.##.g@..##.######
#.S##.##.# #...
#....# ...#.
####.# .....#. #^#
#### #. #.# #. #.#
#. #.# ..#


You could see an adder and a goblin.

Vanquished Creatures
  A dart slug (D:1)
  A ball python (D:1)
  4 endoplasms
  3 goblins (D:1)
  3 hobgoblins (D:1)
  A kobold (D:1)
  2 quokkas (D:1)
  5 bats (D:1)
  A frilled lizard (D:1)
  2 rats (D:1)
23 creatures vanquished.

Notes
Turn   | Place    | Note
-------+----------+-------------------------------------------
     0 | D:1      | Leeroy the Merfolk Gladiator began the quest for the Orb.
     0 | D:1      | Reached XP level 1. HP: 16/16 MP: 1/1
    54 | D:1      | Reached skill level 4 in Long Blades
   202 | D:1      | Reached XP level 2. HP: 17/22 MP: 2/2
   371 | D:1      | Found Jeetif's Weapon Shop.
   426 | D:1      | Reached XP level 3. HP: 25/27 MP: 3/3
   582 | D:1      | Reached skill level 5 in Long Blades
   810 | D:2      | Found Molapt's General Store.
   822 | D:2      | Mangled by a goblin

Illustrated notes

Levels and vault maps discovered:
D:1:      co_arrival_square_in_a_square_in_a_square, layout_basic, serial_shops,
          shop, dreamdust_mushroom_princess, dk_noncrumbling_2,
          minmay_strange_pillars, minmay_cut_off
D:2:      layout_loops_ring, ebering_ecumenical_altar_abandoned, serial_shops,
          nicolae_square_shop, grunt_ministairs_3

Skill      XL: |  1  2  3 |
---------------+----------+-----
Long Blades    | 4 5 |  5.1
Fighting       | |  2.1
Throwing       | |  2.0
Dodging        | |  4.0

Action                   || total
-------------------------++-------
Melee: Long sword        ||    74
       Punch             ||     1
  Use: Potion            ||     1
 Stab: Sleeping          ||     1
Armor: Leather armour    ||    25
Dodge: Dodged            ||    64

Table legend: (Time is in decaauts)
 A = Elapsed time spent in this place.
 B = Non-inter-level travel time spent in this place.
 C = Inter-level travel time spent in this place.
 D = Time resting spent in this place.
 E = Time spent auto-exploring this place.
 F = Levels seen in this place.
 G = Mean time per level.
                   A        B        C        D        E       F      G
               +--------+--------+--------+--------+--------+-----+--------+
         Total |    834 |    829 |      5 |      0 |    643 |   2 |  417.0 |
       Dungeon |    834 |    829 |      5 |      0 |    643 |   2 |  417.0 |
               +--------+--------+--------+--------+--------+-----+--------+

Top non-repeatable levels by time:
     D:1: 793 daAuts
     D:2: 41 daAuts
